 Dungeon Crawl Stone Soup version 0.25-a0-668-gea548f19b6 (webtiles) character file.

Game seed: 4216148548283801758, levelgen mode: deterministic

28 BeastOfSaturn the Shooter (level 3, -2/29 HPs)
             Began as a Centaur Hunter on Mar 28, 2020.
             Succumbed to a gnoll's poison
             ... on level 1 of the Dungeon.
             The game lasted 00:02:34 (603 turns).

BeastOfSaturn the Shooter (Centaur Hunter)           Turns: 603, Time: 00:02:35

Health: -2/29      AC:  6    Str: 14    XL:     3   Next: 0%
Magic:  3/3        EV:  7    Int: 10    God:
Gold:   35         SH:  0    Dex: 10    Spells: 2/2 levels left

rFire    . . .     SeeInvis .   b - +0 short sword
rCold    . . .     Gourm    .   (no shield)
rNeg     . . .     Faith    .   h - +0 scale mail
rPois    .         Spirit   .   (no helmet)
rElec    .         Reflect  .   (no cloak)
rCorr    .         Harm     .   (no gloves)
MR       .....                  (no barding)
Stlth    ..........             (no amulet)
HPRegen  0.09/turn              (no ring)
MPRegen  0.08/turn              (no ring)

@: lethally poisoned (-2 -> -32), very quick
A: large, hooves 3, deformed body, speed 2, tough skin 3
a: no special abilities


You were on level 1 of the Dungeon.
You were not hungry.

You visited 1 branch of the dungeon, and saw 2 of its levels.

You collected 35 gold pieces.

Inventory:

Hand Weapons
 a - a +1 shortbow
 b - a +0 short sword (weapon)
Missiles
 d - 11 arrows
Armour
 c - a +0 leather armour
 h - a +0 scale mail (worn)
Scrolls
 e - a scroll of identify
 g - a scroll of magic mapping
 i - a scroll of fog {unknown}
Comestibles
 f - 3 rations


   Skills:
 * Level 2.2 Fighting
 * Level 6.3 Bows
 * Level 0.2 Armour
 - Level 1.3 Dodging
 - Level 0.4 Stealth


You had 2 spell levels left.
You didn't know any spells.
Your spell library was empty.

Dungeon Overview and Level Annotations

Branches:
Dungeon (2/15)

Altars:
The Shining One


Innate Abilities, Weirdness & Mutations

You have hooves in place of feet.
Armour fits poorly on your strangely shaped body.
You cover ground very quickly.
You have extremely tough skin. (AC +3)


Message History

You barely miss the gnoll. You kick the gnoll.
You kill the gnoll!
You have reached level 3!
Your experience leads to an increase in your attributes!
Increase (S)trength, (I)ntelligence, or (D)exterity?
You feel agile.
* * * LOW HITPOINT WARNING * * *
You feel very sick.
* * * LOW HITPOINT WARNING * * *
You feel very sick.
* * * LOW HITPOINT WARNING * * *
You feel sick.
Unknown command.
You aren't carrying any potions.
There is a lethal amount of poison in your body!
Okay, then.
As you read the scroll labeled BAM RIYLITU FYA, it crumbles to dust.
It is a scroll of identify.
g - a scroll of magic mapping You die...

####### ##### ##.....##
###...## #### #.......#
###...#..###... ##.......###
###...####....... .'...♣...'.#
###...### #.###.#.
.#.......#.####...#.## #.# #.#.
.#.......#......##...# #.###...
.##.....##......@..#.##
#.##....
.########.......)..#..##
#.##.... .#
#.........÷..###..###.##.### .#
#...........##.##...)....#
.#####..........##...##.....#.#
...............##..#..##....#.#
..............##..#.#..##...#.#
............###..#._.#..###...#
....)....##...##..#.#..##.....#


There were no monsters in sight!

Vanquished Creatures
  A gnoll (D:1)
  A dart slug (D:1)
  4 giant cockroaches (D:1)
  A hobgoblin (D:1)
  4 jackals (D:1)
  A goblin (D:1)
  A kobold (D:1)
  3 rats (D:1)
16 creatures vanquished.

Notes
Turn   | Place    | Note
-------+----------+-------------------------------------------
     0 | D:1      | BeastOfSaturn the Centaur Hunter began the quest for the
                  | Orb.
     0 | D:1      | Reached XP level 1. HP: 17/17 MP: 1/1
   125 | D:1      | Found a glowing golden altar of the Shining One.
   246 | D:1      | Reached XP level 2. HP: 24/24 MP: 2/2
   341 | D:1      | Reached skill level 6 in Bows
   600 | D:1      | Reached XP level 3. HP: 8/29 MP: 3/3
   602 | D:1      | HP: 1/29 [poisoned by a gnoll]
   603 | D:1      | Succumbed to a gnoll's poison

Levels and vault maps discovered:
D:1:      sevenhm_arrival_forest_fort_small_5, layout_basic,
          kennysheep_flooded_box, st_stairs_12, tso_metal_star
D:2:      layout_basic, eat_drink_and_be_merry_uskayaw

Skill      XL: |  1  2 |
---------------+-------+-----
Bows           | 6 |  6.3
Fighting       | |  2.2
Armour         | |  0.2
Dodging        | |  1.3
Stealth        | |  0.4

Action                   || total
-------------------------++-------
Melee: Short sword       ||     6
       Kick              ||     2
 Fire: Shortbow          ||    44
  Use: Scroll            ||     1
Armor: Scale mail        ||     4
Dodge: Dodged            ||     4

Table legend:
 A = Non-vault XP
 B = Vault XP
 C = Vault XP percentage of total XP
 D = Non-vault monster count
 E = Vault monster count
 F = Vault count percentage of total count
                 A         B        C        D         E       F
            +---------+---------+-------+---------+---------+-------
      Total |      39 |       2 |   4.9 |      15 |       1 |   6.2
            +---------+---------+-------+---------+---------+-------
        D:1 |      39 |       2 |   4.9 |      15 |       1 |   6.2
            +---------+---------+-------+---------+---------+-------
